 Dungeon Crawl Stone Soup version 0.29.0-5-ge4962eb29e (webtiles) character file.

Game seed: 13390851495707059501

44 howech the Chopper (level 3, 0/33 HPs)
             Began as a Minotaur Monk on Aug 30, 2022.
             Was a Priest of Qazlal.
             Slain by a gnoll
             ... wielding a +0 whip
              (6 damage)
             ... on level 2 of the Dungeon.
             The game lasted 00:03:57 (1280 turns).

howech the Chopper (Minotaur Monk)                  Turns: 1280, Time: 00:03:58

Health: 0/33       AC:  2    Str: 17    XL:     3   Next: 39%
Magic:  2/2        EV: 13    Int:  7    God:    Qazlal [***...]
Gold:   118        SH:  3    Dex: 12    Spells: 2/2 levels left

rFire   . . .      SeeInvis .   a - +0 hand axe
rCold   . . .      Faith    .   (no shield)
rNeg    . . .      Spirit   .   b - +0 robe
rPois   .          Reflect  .   (helmet restricted)
rElec   .          Harm     .   (no cloak)
rCorr   .          Rampage  .   (no gloves)
Will    .....                   (no boots)
Stlth   +.........              (no amulet)
HPRegen 0.11/turn               (no ring)
MPRegen 0.08/turn               (no ring)

@: no status effects
A: horns 2, retaliatory headbutt
a: Renounce Religion, Upheaval, Elemental Force


You were on level 2 of the Dungeon.
You worshipped Qazlal.
Qazlal was most pleased with you.
You visited 1 branch of the dungeon, and saw 2 of its levels.

You collected 118 gold pieces.

Inventory:

Hand Weapons
 a - a +0 hand axe (weapon)
Armour
 b - a +0 robe (worn)
 h - a +0 plate armour of willpower
Scrolls
 d - a scroll of fog {unknown}
 e - 3 scrolls of teleportation {unknown}
 f - 2 scrolls of identify {unknown}
 g - 2 scrolls of poison {unknown}
 i - a scroll of immolation {unknown}
 k - a scroll of brand weapon {unknown}
 o - a scroll of amnesia {unknown}
Potions
 c - a potion of ambrosia
 j - a potion of resistance {unknown}
 l - 2 potions of heal wounds {unknown}
 m - a potion of mutation {unknown}
 n - a potion of might {unknown}


   Skills:
 + Level 3.9 Fighting
 * Level 4.2 Axes
 + Level 1.1 Armour
 + Level 3.5 Dodging
 - Level 1.5 Stealth
 * Level 1.0 Invocations
 + Level 0.8 Evocations


You had 2 spell levels left.
You didn't know any spells.
Your spell library contained the following spells:

 Spells                   Type           Power      Damage    Failure   Level
 Call Canine Familiar     Summ           0%         N/A       80%         3
 Portal Projectile        Hex/Tloc       0%         N/A       80%         3
 Leda's Liquefaction      Hex/Erth       0%         N/A       99%         4


Dungeon Overview and Level Annotations

Branches:
Dungeon (2/15)

Altars:
Qazlal


Innate Abilities, Weirdness & Mutations

You have a pair of horns on your head.
You reflexively headbutt those who attack you in melee.


Message History

You now have 118 gold pieces (gained 9).
You hear a shout!
A gnoll comes into view. It is wielding a +0 whip.
You hear a shout!
You hit the gnoll. Your headbutt misses the gnoll.
The gnoll is moderately wounded.
You hear a shout!
The gnoll hits you with a +0 whip.
You closely miss the gnoll.
The gnoll is moderately wounded.
You block the gnoll's attack.
You hit the gnoll but do no damage. You headbutt the gnoll.
The gnoll is severely wounded.
A gnoll comes into view. It is wielding a +0 whip.
The gnoll hits you with a +0 whip. x2
* * * LOW HITPOINT WARNING * * *
You hit the gnoll.
You kill the gnoll!
Qazlal accepts your kill.
A gnoll comes into view. It is wielding a +0 whip.
Your Invocations skill increases to level 1!
You hit the gnoll but do no damage. You block the gnoll's attack.
Unknown command.
You closely miss the gnoll. The gnoll hits you with a +0 whip.
* * * LOW HITPOINT WARNING * * *
The gnoll attacks as you move away! The gnoll barely misses you.
The gnoll attacks as you move away! The gnoll misses you.
You see here a quokka corpse.
Okay, then.
Okay, then.
You hit the gnoll.
The gnoll is lightly wounded.
The gnoll barely misses you.
You slash the gnoll!
The gnoll is heavily wounded.
The gnoll attacks as you move away! The gnoll closely misses you.
You furiously retaliate!
You headbutt the gnoll! The gnoll attacks as you move away!
The gnoll misses you. The gnoll attacks as you move away!
The gnoll hits you with a +0 whip.
You die...

## #.. #.# . #.#
..##########.#
............#
........g..####
####...g@....#
####...###.##.#
.........g..#
..###...##..#
.....#.###..#
#.##.#.# #..#
#.##.#.###).#
#.##....##).##.#
#.##...........#


You could see 2 gnolls.

Vanquished Creatures
  2 gnolls (D:2)
  A worm (D:2)
  A dart slug (D:2)
  A giant cockroach (D:2)
  A goblin (D:1)
  2 hobgoblins (D:2)
  A quokka (D:2)
  3 ball pythons
  2 bats
  2 frilled lizards (D:2)
  4 kobolds
  4 rats
24 creatures vanquished.

Vanquished Creatures (others)
  A fungus (D:1)
  A plant (D:1)
2 creatures vanquished.

Grand Total: 26 creatures vanquished

Notes
Turn   | Place    | Note
-------+----------+-------------------------------------------
     0 | D:1      | howech the Minotaur Monk began the quest for the Orb.
     0 | D:1      | Reached XP level 1. HP: 19/19 MP: 0/0
   787 | D:1      | Found a faded altar of an unknown god.
   796 | D:1      | Prayed at the altar of an unknown god.
   796 | D:1      | Became a worshipper of Qazlal Stormbringer
   796 | D:1      | Reached * piety under Qazlal
   796 | D:1      | Reached ** piety under Qazlal
   843 | D:2      | Reached XP level 2. HP: 25/27 MP: 1/1
  1044 | D:2      | Reached skill level 4 in Axes
  1048 | D:2      | Reached *** piety under Qazlal
  1249 | D:2      | Reached skill level 1 in Armour
  1249 | D:2      | Reached XP level 3. HP: 21/33 MP: 2/2
  1268 | D:2      | Reached skill level 1 in Invocations
  1280 | D:2      | Slain by a gnoll

Illustrated notes

Levels and vault maps discovered:
D:1:      grunt_arrival_lava_bath, layout_loops_cross,
          shapermc_ecumenical_altar_acropolis
D:2:      layout_loops_ring

Skill      XL: |  1  2  3 |
---------------+----------+-----
Axes           | 4 |  4.2
Armour         | 1 |  1.1
Invocations    | 1 |  1.0
Fighting       | |  3.9
Dodging        | |  3.5
Stealth        | |  1.5
Evocations     | |  0.8

Action                   || total
-------------------------++-------
Melee: Hand axe          ||    50
       Headbutt          ||    11
 Stab: Sleeping          ||     1
Armor: Robe              ||     5
Dodge: Dodged            ||    26
Block: Other             ||     5
